 Dungeon Crawl Stone Soup version 0.20-a0-1126-g0f15420 (webtiles) character file.

527 Naow the Firebug (level 7, 0/41 HPs)
             Began as an Octopode Fire Elementalist on May 16, 2017.
             Slain by Blork the orc
             ... wielding a cursed -1 short sword
              (4 damage)
             ... on level 4 of the Dungeon.
             The game lasted 00:07:40 (5072 turns).

Naow the Firebug (Octopode Fire Elementalist)       Turns: 5072, Time: 00:07:40

Health: 0/41       AC:  1    Str:  7    XL:     7   Next: 23%
Magic:  1/13       EV: 13    Int: 20    God:
Gold:   209        SH:  0    Dex: 12    Spells: 8/14 levels left

rFire    . . .     SeeInvis .   q - staff of energy
rCold    . . .     Gourm    .   (no shield)
rNeg     . . .     Faith    .   (helmet restricted)
rPois    .         Spirit   .   (no amulet)
rElec    .         Reflect  .   k - -2 ring of slaying (curse)
rCorr    .         Harm     .   (no ring)
MR       .....                  (no ring)
Stlth    +++.......             (no ring)
Regen    0.2/turn               (no ring)
MPRegen  0.2/turn               (no ring)
                                (no ring)
                                (no ring)

@: lethally poisoned (0 -> -3)
A: almost no armour, stealthy swim, amphibious, 8 rings, constrict 8, camouflage
1, gelatinous body 1
a: no special abilities


You were on level 4 of the Dungeon.
You were not hungry.

You visited 1 branch of the dungeon, and saw 4 of its levels.

You collected 209 gold pieces.

Inventory:

Hand Weapons
 e - a +0 dagger
Magical Staves
 q - an uncursed staff of energy (weapon)
Jewellery
 k - a cursed -2 ring of slaying (left tentacle)
Scrolls
 d - 2 scrolls of remove curse {unknown}
 g - 2 scrolls of magic mapping {unknown}
 h - 3 scrolls of identify {unknown}
 l - a scroll of amnesia {unknown}
 o - a scroll of random uselessness {unknown}
 p - 3 scrolls of teleportation {unknown}
 s - a scroll of enchant weapon {unknown}
 t - a scroll of recharging {unknown}
 u - a scroll of fog {unknown}
Potions
 c - 3 potions of flight {unknown}
 f - 2 potions of degeneration {unknown}
 i - 2 potions of might {unknown}
 m - 2 potions of agility {unknown}
 v - 2 potions of brilliance {unknown}
 w - 2 potions of curing {unknown}
Books
 a - a book of Flames

   Spells                             Type                      Level
   a - Flame Tongue                   Conjuration/Fire             1
   b - Throw Flame                    Conjuration/Fire             2
   c - Conjure Flame                  Conjuration/Fire             3
   d - Inner Flame                    Hexes/Fire                   3
   e - Sticky Flame                   Conjuration/Fire             4
   f - Fireball                       Conjuration/Fire             5
Comestibles
 b - 3 bread rations
 j - 6 fruits
 n - a royal jelly
 r - 3 meat rations
 x - 2 chunks of flesh


   Skills:
 - Level 2.0 Dodging
 - Level 2.6 Stealth
 + Level 4.2 Spellcasting
 + Level 4.3 Conjurations
 + Level 5.2 Fire Magic


You had 8 spell levels left.
You knew the following spells:

 Your Spells              Type           Power        Failure   Level  Hunger
a - Flame Tongue          Conj/Fire      ###..        1%          1    None
b - Throw Flame           Conj/Fire      ###...       2%          2    None
c - Conjure Flame         Conj/Fire      ###.....     5%          3    None


Dungeon Overview and Level Annotations

Branches:
Dungeon (4/15)
 Temple: D:4-7

Altars:
Ashenzari
Dithmenos
Uskayaw
The Shining One

Annotations:
D:4 Blork the orc


Innate Abilities, Weirdness & Mutations

You cannot wear most types of armour.
You are very stealthy in the water. (Stealth+)
You are amphibious.
You can wear up to eight rings at the same time.
You can use your tentacles to constrict eight enemies at once.
Your skin changes colour to match your surroundings (Stealth+).
Your rubbery body absorbs attacks. (AC +1, EV +1)


Message History

You kill the worker ant!
Casting: Flame Tongue
Confirm with . or Enter, or press ? or * to list all spells.
Aiming: Flame Tongue
Press: ? - help, Shift-Dir - straight line You feel sick.
Something hits you! Something hits you.
Okay, then.
Casting: Flame Tongue
Confirm with . or Enter, or press ? or * to list all spells.
Aiming: Throw Flame
Press: ? - help, Shift-Dir - straight line The puff of flame hits something.
Something hits you!
* * * LOW HITPOINT WARNING * * *
Casting: Throw Flame
Confirm with . or Enter, or press ? or * to list all spells.
Aiming: Throw Flame
Press: ? - help, Shift-Dir - straight line
* * * LOW HITPOINT WARNING * * *
You feel sick. Something hits you.
You die...

######....... #.
........#### #.##
#####....... ####...
#...###. #...... #...# #.
#...... ###...# #.
#...... ..#...# #.
#......#########.#.#.###.
+......{@......#.#.#...#.
#......####.#..#.#.#>#.#.
#....(. #.#..#.#.#.#.#.
#...... #.#......#.#.#.
####### #.#.##.#.....'.
#.#....#.#.#.#.
#.######.#.#.#. #..
..#.#.#. ### ####.#.##


There were no monsters in sight!

Vanquished Creatures
  Grinder (D:3)
  A jelly (D:3)
  An orc wizard (D:3)
  A centaur skeleton (D:4)
  2 worker ants (D:4)
  4 adders
  8 oozes (D:3)
  A worm (D:3)
  3 dart slugs
  5 leopard geckos
  9 orcs (D:3)
  12 bats
  5 giant cockroaches
  10 goblins
  6 hobgoblins
  2 jackals (D:2)
  2 quokkas
  A ball python (D:2)
  5 frilled lizards
  11 kobolds
  A leopard gecko skeleton (D:4)
  10 rats
101 creatures vanquished.

Vanquished Creatures (others)
  A fungus (D:3)
  9 toadstools (D:3)
10 creatures vanquished.

Grand Total: 111 creatures vanquished

Notes
Turn   | Place    | Note
-------+----------+-------------------------------------------
     0 | D:1      | Naow the Octopode Fire Elementalist began the quest for the Orb.
     0 | D:1      | Reached XP level 1. HP: 11/11 MP: 3/3
   381 | D:1      | Reached XP level 2. HP: 17/17 MP: 5/5
  1315 | D:1      | Reached XP level 3. HP: 20/21 MP: 6/6
  1905 | D:2      | Found a shattered altar of Ashenzari.
  2119 | D:2      | Found a hide-covered altar of Uskayaw.
  2284 | D:2      | Found a glowing golden altar of the Shining One.
  2346 | D:2      | Reached XP level 4. HP: 14/27 MP: 2/7
  2883 | D:3      | Noticed Grinder
  3054 | D:2      | Learned a level 2 spell: Throw Flame
  3058 | D:2      | Learned a level 3 spell: Conjure Flame
  3074 | D:3      | Paralysed by Grinder for 7 turns
  3090 | D:3      | Paralysed by Grinder for 6 turns
  3099 | D:3      | Killed Grinder
  3099 | D:3      | Reached skill level 4 in Fire Magic
  3099 | D:3      | Reached XP level 5. HP: 18/31 MP: 0/10
  3099 | D:3      | Reached XP level 6. HP: 21/36 MP: 0/11
  4181 | D:3      | Reached skill level 5 in Fire Magic
  4560 | D:3      | Reached XP level 7. HP: 41/41 MP: 9/12
  4586 | D:3      | Found a shadowy altar of Dithmenos.
  5059 | D:4      | Noticed Blork the orc
  5072 | D:4      | Slain by Blork the orc

Vault maps used:
D:1:      dpeg_arrival_solitude
D:2:      eat_drink_and_be_merry_uskayaw, lemuel_round_altar,
          lemuel_crystal_altar
D:3:      cheibrodos_fertilizer, marbit_many_paths, first_bread, uniq_grinder
D:4:      uniq_blork_the_orc

Skill      XL: |  1  2  3  4  5  6  7 |
---------------+----------------------+-----
Conjurations   | 2 3 4 |  4.3
Spellcasting   | 3 4 |  4.2
Fire Magic     | 4 5 |  5.2
Dodging        | |  2.0
Stealth        | |  2.6

Action                   |  1- 3 |  4- 6 |  7- 9 || total
-------------------------+-------+-------+-------++-------
Melee: Dagger            |    67 |    25 |       ||    92
       Constrict         |    17 |    11 |     2 ||    30
       Tentacles         |    10 |     2 |     1 ||    13
       Staff             |       |     2 |     4 ||     6
 Cast: Flame Tongue      |    32 |    74 |    21 ||   127
       Throw Flame       |       |     4 |     4 ||     8
       Conjure Flame     |       |     8 |       ||     8
 Stab: Sleeping          |     7 |     1 |     1 ||     9
  Eat: Chunk             |     5 |     6 |     2 ||    13
Armor: Skin              |    13 |     4 |     1 ||    18
Dodge: Dodged            |    65 |    28 |    10 ||   103
